 Dungeon Crawl Stone Soup version 0.30-a0-223-gcb0039aa0c (webtiles) character file.

Game seed: 6472629328703673280

34 qw the Chopper (level 3, 0/23 HPs)
             Began as a Gargoyle Fighter on Oct 9, 2022.
             Slain by an iguana (11 damage)
             ... on level 2 of the Dungeon.
             The game lasted 00:00:20 (1168 turns).

qw the Chopper (Gargoyle Fighter)                   Turns: 1168, Time: 00:00:21

Health: 0/23       AC: 12    Str: 21    XL:     3   Next: 31%
Magic:  3/3        EV:  9    Int:  8    God:
Gold:   61         SH:  4    Dex:  9    Spells: 2/2 levels left

rFire   . . .      SeeInvis .    Y - +0 war axe
rCold   . . .      Faith    .    c - +0 buckler
rNeg    + . .      Spirit   .    b - +0 scale mail
rPois   inf        Reflect  .    (no helmet)
rElec   +          Harm     .    j - +0 cloak
rCorr   .          Rampage  .    (no gloves)
Will    .....                    i - +0 pair of boots
Stlth   ..........               (no amulet)
HPRegen 0.23/turn                (no ring)
MPRegen 0.08/turn                (no ring)

@: no status effects
A: sickness immunity, AC +3, negative energy resistance 1, electricity
resistance, torment resistance 1, petrification resistance
a: no special abilities


You were on level 2 of the Dungeon.
You visited 1 branch of the dungeon, and saw 2 of its levels.

You collected 61 gold pieces.


Innate Abilities, Weirdness & Mutations

You are immune to sickness and miasma.
Your stone body is resilient. (AC +3)
You are immune to poison.
You resist negative energy. (rN+)
You are resistant to electric shocks. (rElec)
You are resistant to unholy torment.
You are immune to petrification.


   Skills:
 - Level 3.2 Fighting
 + Level 3.3 Axes
 - Level 3.2 Armour
 - Level 3.2 Shields


You had 2 spell levels left.
You didn't know any spells.
Your spell library was empty.

Inventory:

Hand Weapons
 g - a +0 club
 Y - a +0 war axe (weapon)
Armour
 b - a +0 scale mail (worn)
 c - a +0 buckler (worn)
 i - a +0 pair of boots (worn)
 j - a +0 cloak (worn)
Scrolls
 a - a scroll of identify {unknown}
 f - a scroll of teleportation
Potions
 d - 2 potions of might
 h - a potion of curing {unknown}
 k - a potion of brilliance {unknown}
 m - a potion of flight {unknown}

Dungeon Overview and Level Annotations

Branches:
Dungeon (2/15)

Altars:


Message History

You hit the adder.
You kill the adder!
You start resting.
HP restored.
You see here an adder corpse.
A rat comes into view.
You barely miss the rat. The rat bites you.
You hit the rat.
The rat is heavily wounded.
The rat bites you but does no damage.
You hit the rat.
You kill the rat!
You see here a rat corpse.
Found a quarterstaff.
You now have 61 gold pieces (gained 10).
d - 2 potions of might (gained 1)
a - a scroll labelled QYUGYI ELEFAG
Enter note:
Found an escape hatch in the ceiling.
Found a stone staircase leading up.
Enter note:
Enter note: You hit the iguana.
The iguana is lightly wounded.
The iguana bites you!
You hit the iguana.
The iguana is lightly wounded.
The iguana barely misses you.
You hit the iguana but do no damage.
The iguana is lightly wounded.
The iguana closely misses you.
The iguana bites you but does no damage.
You barely miss the iguana.
The iguana is lightly wounded.
The iguana bites you.
You barely miss the iguana.
The iguana is lightly wounded.
The iguana bites you!
You die...

##...#.<.#..
##...........
#............
#............
#............
####......<..#
.......l....# .
###@..#.... ##.......#
#...###.## ##.#..##..#
#.......)... #
#..#..#...... ####..
#..#......... ##....#
#..##.#.....####..####
#..#...#.#........%...


You could see an iguana.

Vanquished Creatures
  2 adders (D:2)
  A worm (D:2)
  An endoplasm (D:2)
  A giant cockroach (D:1)
  A goblin (D:1)
  3 kobolds
  A quokka (D:1)
  A ball python (D:1)
  2 rats
13 creatures vanquished.

Notes
Turn   | Place    | Note
-------+----------+-------------------------------------------
     0 | D:1      | qw the Gargoyle Fighter began the quest for the Orb.
     0 | D:1      | Reached XP level 1. HP: 14/14 MP: 1/1
     0 | D:1      | 0 ||| qw: Version: 0.2-a-17-g06abaee
     0 | D:1      | 0 ||| qw: Game counter: 2125
     0 | D:1      | 0 ||| qw: Always use a shield: true
     0 | D:1      | 0 ||| qw: God list: Okawaru
     0 | D:1      | 0 ||| qw: Allow faded altars: false
     0 | D:1      | 0 ||| qw: Do Orc after D:15 true
     0 | D:1      | 0 ||| qw: Do second Lair branch before Depths: true
     0 | D:1      | 0 ||| qw: Lair rune preference: random
     0 | D:1      | 0 ||| qw: Plans: Normal, Zot:1-4, God:TSO, Crypt, Tomb,
                  | Pan, Slime:5, Hells, Abyss, Orb
     0 | D:1      | 0 ||| PLANNING D:1-11
   136 | D:1      | Found a faded altar of an unknown god.
   730 | D:1      | Reached XP level 2. HP: 19/19 MP: 2/2
   892 | D:1      | 892 ||| UPGRADING to +0 pair of boots.
   897 | D:1      | 897 ||| UPGRADING to +0 cloak.
   902 | D:1      | 902 ||| READING scroll labelled ZOAKUC IVIUVATZ.
  1003 | D:1      | 1003 ||| READING 2 scrolls labelled SEUT FUDYQ.
  1008 | D:1      | 1008 ||| READING scroll labelled FUVOYH LIQO.
  1062 | D:2      | 1062 ||| Stepping ~*~*~tactically~*~*~ (stealth).
  1065 | D:2      | 1065 ||| Stepping ~*~*~tactically~*~*~ (stealth).
  1066 | D:2      | 1066 ||| Stepping ~*~*~tactically~*~*~ (stealth).
  1074 | D:2      | Reached skill level 3 in Axes
  1074 | D:2      | Reached XP level 3. HP: 23/23 MP: 3/3
  1168 | D:2      | Slain by an iguana

Levels and vault maps discovered:
D:1:      dpeg_arrival_round_c, layout_basic, nicolae_ecumenical_lake_church
D:2:      layout_rooms, chequers_serial_rivers_small_a,
          chequers_serial_rivers_small_a, minmay_crystal_room,
          hangedman_decor_lopped, kennysheep_generic_room_2, uniq_jessica

Skill      XL: |  1  2 |
---------------+-------+-----
Axes           | 2 3 |  3.3
Fighting       | |  3.2
Armour         | |  3.2
Shields        | |  3.2

Action                   || total
-------------------------++-------
Melee: War axe           ||    59
  Use: Scroll            ||     3
Armor: Scale mail        ||    45
Dodge: Dodged            ||    28
Block: Buckler           ||     7

Table legend:
 A = Non-vault XP
 B = Vault XP
 C = Vault XP percentage of total XP
 D = Non-vault monster count
 E = Vault monster count
 F = Vault count percentage of total count
                 A         B        C        D         E       F
            +---------+---------+-------+---------+---------+-------
      Total |      49 |       0 |   0.0 |      13 |       0 |   0.0
            +---------+---------+-------+---------+---------+-------
        D:1 |      12 |       0 |   0.0 |       7 |       0 |   0.0
        D:2 |      37 |       0 |   0.0 |       6 |       0 |   0.0
            +---------+---------+-------+---------+---------+-------
